 Dungeon Crawl Stone Soup version 0.30-b1-5-g8e6c1be481 (webtiles) character file.

Game seed: 14864619241279568799

90 RascalDebosk the Trooper (level 4, -9/35 HPs)
             Began as a Djinni Warper on May 4, 2023.
             Mangled by Crazy Yiuf
             ... wielding a +2 quarterstaff of chaos
              (13 damage)
             ... on level 3 of the Dungeon.
             The game lasted 00:09:37 (2054 turns).

RascalDebosk the Trooper (Djinni Warper)            Turns: 2054, Time: 00:09:38

Health: -9/35      AC:  4    Str: 10    XL:     4   Next: 85%
Gold:   174        EV: 16    Int: 17    God:
                   SH:  0    Dex: 12

rFire   + + .        a - +0 falchion
rCold   x . .        (no shield)
rNeg    . . .        b - +0 leather armour
rPois   ∞            h - +0 helmet
rElec   .            (no cloak)
rCorr   .            (no gloves)
SInv    .            (boots unavailable)
Will    .....        (no amulet)
Stlth   +            o - ring of wizardry
HPRegen 0.25/turn    (no ring)
MPRegen 0.00/turn

%: wizardry (x1), infuse magic (-10 HP)
@: agile, flying
A: sickness immunity, fire resistance 2, cold vulnerability 1, float, innate
caster, HP casting, extra vitality 1
a: no special abilities


You were on level 3 of the Dungeon.
You visited 1 branch of the dungeon, and saw 3 of its levels.

You collected 174 gold pieces.

Inventory:

Hand Weapons
 a - a +0 falchion (weapon)
Missiles
 d - 7 boomerangs of dispersal (quivered)
Armour
 b - a +0 leather armour (worn)
 h - a +0 helmet (worn)
Jewellery
 o - a ring of wizardry (left hand)
Scrolls
 c - a scroll of identify {unknown}
 e - 2 scrolls of enchant armour {unknown}
 g - a scroll of blinking
 i - 3 scrolls of fear {unknown}
 l - a scroll of poison {unknown}
 n - a scroll of teleportation {unknown}
 p - a scroll of vulnerability {unknown}
Potions
 f - a potion of flight {unknown}
 j - a potion of curing {unknown}
 k - a potion of heal wounds {unknown}
 m - a potion of mutation {unknown}


   Skills:
 * Level 3.1 Fighting
 + Level 2.2 Long Blades
 - Level 0.7 Throwing
 + Level 1.9 Armour
 - Level 2.1 Dodging
 * Level 3.0 Spellcasting


You knew the following spells:

 Your Spells              Type           Power      Damage    Failure   Level
a - Blink                 Tloc           24%        N/A       4%          2
b - Lesser Beckoning      Tloc           24%        N/A       4%          2
c - Vhi's Electric Charg  Tloc/Air       24%        N/A       9%          3
d - Teleport Other        Tloc           12%        N/A       9%          3
e - Manifold Assault      Tloc           12%        N/A       26%         4
f - Apportation           Tloc           24%        N/A       2%          1
Your spell library was empty.

Dungeon Overview and Level Annotations

Branches:
Dungeon (3/15)

Altars:
Ru

Shops:
D:1 :   D:3 (

Annotations:
D:3 Crazy Yiuf


Innate Abilities, Weirdness & Mutations

You are immune to sickness and miasma.
You are immune to poison.
Your flesh is very heat resistant. (rF++)
You are vulnerable to cold. (rC-)
You float through the air rather than walking.
You learn spells naturally, not from books.
Your magical power is your life essence.
You have superior vitality. (+4 MHP)


Message History

The endoplasm hits you but does no damage.
You hit the endoplasm.
You kill the endoplasm!
Things that are here:
a quokka corpse; a hobgoblin corpse A kobold comes into view.
It is wielding a +0 short sword.
The kobold shouts!
The kobold hits you with a +0 short sword.
The kobold misses you.
You barely miss the kobold. The kobold hits you but does no damage.
You hit the kobold.
You kill the kobold!
You see here a +0 short sword.
A hobgoblin comes into view.
Found a stone staircase leading up.
The hobgoblin shouts!
A quokka comes into view.
The hobgoblin barely misses you.
You closely miss the hobgoblin.
The hobgoblin hits you but does no damage.
You hit the hobgoblin.
The hobgoblin is heavily wounded.
The hobgoblin hits you.
You barely miss the hobgoblin.
The hobgoblin is heavily wounded.
The hobgoblin hits you.
You hit the hobgoblin.
You kill the hobgoblin!
You barely miss the quokka. The quokka barely misses you.
You barely miss the quokka. The quokka barely misses you. x2
You hit the quokka.
The quokka is severely wounded.
The quokka misses you.
You hit the quokka.
You kill the quokka!
You see here a hobgoblin corpse.
There is a stone staircase leading up here.
A bat comes into view.
The bat hits you but does no damage. The bat barely misses you.
You barely miss the bat. The bat barely misses you. The bat closely misses you.
The bat hits you but does no damage.
You barely miss the bat. The bat barely misses you. The bat misses you.
You hit the bat but do no damage. The bat barely misses you.
The bat barely misses you.
You hit the bat but do no damage. The bat hits you but does no damage.
The bat hits you but does no damage. x2
The bat hits you. The bat hits you but does no damage.
You hit the bat.
The bat is moderately wounded.
The bat hits you but does no damage. The bat misses you.
You slash the bat!
You kill the bat!
You see here a bat corpse.
A hobgoblin comes into view.
A hobgoblin is nearby!
The hobgoblin hits you but does no damage.
You hit the hobgoblin.
The hobgoblin is almost dead.
The hobgoblin misses you.
You barely miss the hobgoblin.
The hobgoblin is almost dead.
The hobgoblin barely misses you. The hobgoblin hits you.
You hit the hobgoblin.
You kill the hobgoblin!
p - a scroll labelled NYARHI BEPU
Found Wira's Antique Weapon Shoppe.
There is an entrance to Wira's Antique Weapon Shoppe here.
Found a hammer.
Found three hammers.
Found a runed translucent door.
Crazy Yiuf shouts!
You see here a +0 hammer.
Found a hammer.
You reach down and open the door.
Casting: Blink (safe; 4% risk of failure)
Confirm with . or Enter, or press ? or * to list all spells.
You can't charge at crazy yiuf because you're already next to there.
Casting: Vhi's Electric Charge (dangerous; 9% risk of failure)
Confirm with . or Enter, or press ? or * to list all spells.
You blink.
Crazy Yiuf hits you with a +2 quarterstaff of chaos!
You suddenly lose the ability to move!
Crazy Yiuf hits you with a +2 quarterstaff of chaos!
* * * LOW HITPOINT WARNING * * *
You are confused.
Crazy Yiuf hits you with a +2 quarterstaff of chaos.
* * * LOW HITPOINT WARNING * * *
You feel agile all of a sudden.
You can move again.
You bump into the stone wall.
You feel stable enough to blink again. Crazy Yiuf barely misses you.
Unknown command.
You hit Crazy Yiuf but do no damage.
You feel less confused.
Crazy Yiuf grits, "Snoogle bush snockshim!"
Crazy Yiuf barely misses you.
You hit Crazy Yiuf.
Crazy Yiuf is moderately wounded.
Crazy Yiuf hits you with a +2 quarterstaff of chaos!
You die...

#.... #.... ###..
#..... ♣♣♣♣♣######.
#####♣♣♣.♣)..#..###
#..)#♣.)♣.......#
#..)'.♣♣♣♣......###
#)@g#♣♣ ♣♣..#....#
##### ♣♣##....^
#....# #.....
#....# #.....
###########
#.........#
#........<†


You could see Crazy Yiuf.

Vanquished Creatures
  2 adders
  A worm (D:2)
  A dart slug (D:1)
  7 ball pythons
  9 endoplasms
  2 giant cockroaches
  8 hobgoblins
  3 jackals (D:2)
  9 kobolds
  2 quokkas (D:3)
  4 bats
  3 frilled lizards
  4 goblins
  7 rats
62 creatures vanquished.

Vanquished Creatures (others)
  6 plants (D:1)
6 creatures vanquished.

Grand Total: 68 creatures vanquished

Notes
Turn   | Place    | Note
-------+----------+-------------------------------------------
     0 | D:1      | RascalDebosk the Djinni Warper began the quest for the Orb.
     0 | D:1      | RascalDebosk set off with the following spells memorised:
                  | Blink, Lesser Beckoning, Vhi's Electric Charge, Teleport
                  | Other, Manifold Assault.
     0 | D:1      | Reached XP level 1. HP: 18/18 MP: 0/0
    84 | D:1      | Found a faded altar of an unknown god.
   124 | D:1      | Reached XP level 2. HP: 19/23 MP: 0/0
   425 | D:1      | Found Haoteat's Book Emporium.
   513 | D:1      | Reached XP level 3. HP: 23/29 MP: 0/0
   513 | D:1      | Learned a level 1 spell: Apportation
  1063 | D:2      | Reached XP level 4. HP: 34/34 MP: 0/0
  1691 | D:3      | Found a sacrificial altar of Ru.
  1995 | D:3      | Found Wira's Antique Weapon Shoppe.
  2043 | D:3      | Found a runed translucent door.
  2044 | D:3      | Noticed Crazy Yiuf
  2048 | D:3      | Paralysed by Crazy Yiuf for 3 turns
  2054 | D:3      | Mangled by Crazy Yiuf

Illustrated notes

Levels and vault maps discovered:
D:1:      tarquinn_simple_flora_water_c, layout_basic, serial_shops,
          nicolae_shop_tiny_glass, dilly_ecumenical_altar_fadedgnrine
D:2:      layout_basic
D:3:      layout_rooms, nicolae_ru_the_path_less_chosen, serial_shops, shop,
          uniq_crazy_yiuf_cottage

Skill      XL: |  1  2  3  4 |
---------------+-------------+-----
Long Blades    | 2 |  2.2
Spellcasting   | 3 |  3.0
Fighting       | 3 |  3.1
Throwing       | |  0.7
Armour         | |  1.9
Dodging        | |  2.1

Action                     |  1- 3 |  4- 6 || total
---------------------------+-------+-------++-------
  Melee: Falchion          |   109 |   105 ||   214
         Punch             |       |     1 ||     1
   Cast: Blink             |     1 |     1 ||     2
 Armour: Leather armour    |    37 |    31 ||    68
  Dodge: Dodged            |    88 |    64 ||   152
